 Dungeon Sprint DCSS version 0.31.0-12-g77e489cdc1 (webtiles) character file.

Game seed: 15541113083064103673

7342 Groucho the Thaumaturge (level 10, -9/59 HPs)
             Began as a Deep Elf Earth Elementalist on Mar 3, 2024.
             Was the Champion of Sif Muna.
             Killed by vampiric draining
             ... invoked by a vampire knight
              (16 damage)
             ... in the Dungeon (Sprint VII: "The Pits").
             The game lasted 00:21:33 (7242 turns).

Groucho the Thaumaturge (DEEE)                      Turns: 7242, Time: 00:21:34

Health: -9/59      AC:  7    Str:  5    XL:     10   Next: 91%
Magic:  15/29      EV: 18    Int: 25    God:    Sif Muna [******]
Gold:   0          SH:  0    Dex: 21    Spells: 17/36 levels left

rFire   . . .        e - +2 dagger
rCold   . . .        (no shield)
rNeg    . . .        a - +0 steam dragon scales
rPois   .            (no helmet)
rElec   .            (no cloak)
rCorr   .            s - +0 pair of gloves
SInv    .            (no boots)
Will    +....        (no amulet)
Stlth   ++++         m - +3 ring of dexterity
HPRegen 0.29/turn    n - +3 ring of dexterity
MPRegen 0.21/turn

%: no teleportation
@: channelling
A: no striking features
a: Renounce Religion, Channel Magic, Forget Spell, Divine Exegesis


You were in the Dungeon.
You worshipped Sif Muna.
Sif Muna was exalted by your worship.
You visited 1 branch

Inventory:

Hand Weapons
 e - a +2 dagger (weapon)
 g - a +2 rapier of venom
 r - a +2 rapier of electrocution
Armour
 a - +0 steam dragon scales (worn)
 s - a +0 pair of gloves (worn)
Jewellery
 m - a +3 ring of dexterity (left hand)
 n - a +3 ring of dexterity (right hand)
Wands
 l - a wand of mindburst (14)
Scrolls
 i - 2 scrolls of vulnerability
 j - 5 scrolls of amnesia
Potions
 b - 4 potions of magic
 c - 7 potions of curing
 d - 2 potions of heal wounds
 f - 3 potions of berserk rage
 h - a potion of invisibility
 o - a potion of might
 p - a potion of brilliance


   Skills:
 - Level 5.0 Fighting
 - Level 5.0 Short Blades
 + Level 5.3 Armour
 + Level 8.4 Dodging
 - Level 7.0 Stealth
 + Level 13.8 Spellcasting
 + Level 11.4 Conjurations
 + Level 7.0 Necromancy
 + Level 13.1 Earth Magic
 + Level 9.8 Alchemy
 - Level 10.0 Invocations


You had 17 spell levels left.
You knew the following spells:

 Your Spells              Type           Power      Damage    Failure   Level
a - Sandblast             Erth           100%       2d20      0%          1
b - Stone Arrow           Conj/Erth      100%       3d13      1%          3
c - Petrify               Alch/Erth      65%        N/A       1%          4
d - Bombard               Conj/Erth      34%        9d6       3%          6
e - Borgnjor's Vile Clut  Necr/Erth      30%        N/A       1%          5

Your spell library contained the following spells:

 Spells                   Type           Power      Damage    Failure   Level
 Searing Ray              Conj           100%       2d8       1%          2
 Static Discharge         Conj/Air       90%        3-7/arc   1%          2
 Dazzling Flash           Conj/Hex       90%        N/A       1%          3
 Hailstorm                Conj/Ice       45%        3d10      1%          3
 Passwall                 Erth           70%        N/A       1%          3
 Brom's Barrelling Bould  Conj/Erth      68%        2d8       1%          4
 Fulminant Prism          Conj/Alch      31%        3d15      1%          4
 Leda's Liquefaction      Alch/Erth      32%        N/A       1%          4
 Olgreb's Toxic Radiance  Alch           61%        N/A       1%          4
 Alistair's Intoxication  Alch           40%        N/A       1%          5
 Irradiate                Conj/Alch      31%        3d22      1%          5
 Flame Wave               Conj/Fire      45%        2d12      3%          4
 Ensorcelled Hibernation  Hex/Ice        34%        N/A       4%          2
 Jinxbite                 Hex            34%        N/A       4%          2
 Eringya's Noxious Bog    Alch           30%        4d6       9%          6
 Confusing Touch          Hex            17%        N/A       10%         3
 Orb of Destruction       Conj           32%        9d10      26%         7
 Starburst                Conj/Fire      22%        6d8       43%         6
 Lehudib's Crystal Spear  Conj/Erth      34%        10d9      80%         8
 Chain Lightning          Conj/Air       22%        3d30      100%        9
 Fire Storm               Conj/Fire      22%        8d6       100%        9
 Polar Vortex             Ice            8%         12d1*     100%        9
 Shatter                  Erth           35%        3d28*     100%        9


Dungeon Overview and Level Annotations

Branches:
Dungeon (1/1)

Altars:
Ashenzari
Cheibriados
Dithmenos
Elyvilon
Fedhas
Gozag
Hepliaklqana
Kikubaaqudgha
Makhleb
Nemelex Xobeh
Okawaru
Qazlal
Ru
Sif Muna
Trog
Uskayaw
Vehumet
Wu Jian
Xom
Yredelemnul
Zin
The Shining One
Jiyva
Lugonu


Message History

The stone arrow misses the black bear.
The stone arrow hits the vampire knight!
The vampire knight is moderately damaged.
The zombie hands constrict the vampire mosquito!
The vampire mosquito escapes!
The vampire mosquito misses you. x2
The black bear closely misses you.
The black bear claws you but does no damage.
The black bear claws you.
Unknown command.
Unknown command.
Aiming: Stone Arrow (safe; 1% risk of failure)
Press: ? - help, Q - select action, (/) - cycle Shift-Dir - straight line, f/p - vampire mosquito
Aim: a vampire mosquito (heavily damaged, 63% to hit)
The stone arrow hits the black bear!
You kill the black bear!
Sif Muna accepts your kill. The vampire mosquito misses you.
The vampire mosquito barely misses you. The vampire knight misses you. x2
The vampire mosquito closely misses you.
Unknown command.
Unknown command.
Unknown command.
The vampire mosquito bites you.
The vampire mosquito draws strength from your injuries!
Casting: Stone Arrow (safe; 1% risk of failure)
Confirm with . or Enter, or press ? or * to list all spells.
Aiming: Bombard (dangerous; 3% risk of failure)
Press: ? - help, Shift-Dir - straight line, f/p - vampire mosquito
Aim: a vampire mosquito (heavily damaged, 57% to hit)
The iron shot hits the vampire knight!!!
The vampire knight is severely damaged.
The vampire mosquito bites you!
* * * LOW HITPOINT WARNING * * *
The vampire mosquito draws strength from your injuries!
The vampire mosquito bites you.
* * * LOW HITPOINT WARNING * * *
The vampire mosquito draws strength from your injuries!
The vampire mosquito barely misses you.
The vampire knight draws life force from you!
You die...

.......##''############## #####
.......##.[....#...+....###...#
.......##....###...###...#...##
...<...##...##.+.[.+.##.....## #
.......##..##..##'##..##...## .##
.......##..#..##...##..+...# ....
.......##..#..#.....#..#...#.W..#
#########..'..'..y..'.W'..:rk....
#########..#..#.@Vk.#..#..†#....#
..#..[[##..#..##yyk##..'...# ....
..#..[.##..##..##'##..##...## .##
..'..))##...##.'...'.##.....## #
..#..).##....###...###...#...##
..#..))##......#...+....###...#
######################### #####


You could see a vampire knight (fast), a freezing wraith, a rime drake, a wyvern
and 3 vampire mosquitoes.

Vanquished Creatures
  A demonic crawler (D)
  A deep troll (D)
  An elephant (D)
  A black mamba (D)
  An ice devil (D)
  A troll (D)
  A polar bear (D)
  A tarantella (D)
  A snapping turtle (D)
  A ynoxinul (D)
  7 yaks (D)
  A jumping spider (D)
  A wraith (D)
  Eustachio (D)
  2 vampire mosquitoes (D)
  A fire bat (D)
  Grum (D)
  A steam dragon (D)
  8 hell hounds (D)
  An orc warrior (D)
  A black bear (D)
  A crocodile (D)
  8 wolves (D)
  A phantom (D)
  2 bullfrogs (D)
  3 scorpions (D)
  2 jellies (D)
  A gnoll bouda (D)
  2 orc wizards (D)
  Ijyb (D)
  A mummy (D)
  4 gnolls (D)
  An adder (D)
  A river rat (D)
  2 ufetubi (D)
  An orc (D)
  A bat skeleton (D)
  An endoplasm (D)
  2 giant cockroaches (D)
  A goblin (D)
  A hobgoblin (D)
  2 jackals (D)
  A ball python zombie (D)
  A bat (D)
  A rat (D)
77 creatures vanquished.

Notes
Turn   | Place    | Note
-------+----------+-------------------------------------------
     0 | D        | Groucho the Deep Elf Earth Elementalist began the quest for
                  | the Orb.
     0 | D        | Reached XP level 1. HP: 10/10 MP: 6/6
     8 | D        | Noticed a scorpion
    39 | D        | Killed a scorpion
    40 | D        | Reached skill level 5 in Spellcasting
    40 | D        | Reached XP level 2. HP: 15/15 MP: 2/10
    40 | D        | Reached XP level 3. HP: 19/19 MP: 2/12
   347 | D        | Found a glowing golden altar of the Shining One.
   347 | D        | Found a glowing silver altar of Zin.
   347 | D        | Found a basalt altar of Yredelemnul.
   347 | D        | Found a shimmering altar of Xom.
   347 | D        | Found an ornate altar of the Wu Jian Council.
   347 | D        | Found a bloodstained altar of Trog.
   347 | D        | Found a shimmering blue altar of Sif Muna.
   347 | D        | Found a sacrificial altar of Ru.
   347 | D        | Found a stormy altar of Qazlal.
   347 | D        | Found an iron altar of Okawaru.
   347 | D        | Found a sparkling altar of Nemelex Xobeh.
   347 | D        | Found a burning altar of Makhleb.
   347 | D        | Found a viscous altar of Jiyva.
   347 | D        | Found a hazy altar of Hepliaklqana.
   347 | D        | Found an opulent altar of Gozag.
   347 | D        | Found a blossoming altar of Fedhas.
   347 | D        | Found a white marble altar of Elyvilon.
   347 | D        | Found a shadowy altar of Dithmenos.
   347 | D        | Found a snail-covered altar of Cheibriados.
   348 | D        | Found a radiant altar of Vehumet.
   348 | D        | Found a corrupted altar of Lugonu.
   349 | D        | Found an ancient bone altar of Kikubaaqudgha.
   349 | D        | Found a hide-covered altar of Uskayaw.
   349 | D        | Found a broken altar of Ashenzari.
   350 | D        | Became a worshipper of Sif Muna the Loreminder
   360 | D        | Noticed a scorpion
   367 | D        | Killed a scorpion
   368 | D        | Reached XP level 4. HP: 23/24 MP: 10/14
   398 | D        | Learned a level 3 spell: Stone Arrow
   403 | D        | Learned a level 4 spell: Petrify
   405 | D        | Reached * piety under Sif Muna
   430 | D        | Reached skill level 5 in Conjurations
   664 | D        | Noticed a scorpion
   667 | D        | Killed a scorpion
   668 | D        | Reached XP level 5. HP: 27/28 MP: 5/16
  1040 | D        | Reached ** piety under Sif Muna
  1481 | D        | Reached *** piety under Sif Muna
  1482 | D        | Reached skill level 1 in Alchemy
  1632 | D        | Noticed a phantom
  1634 | D        | Killed a phantom
  1635 | D        | Reached skill level 5 in Invocations
  1635 | D        | Reached XP level 6. HP: 32/32 MP: 11/19
  1762 | D        | Reached **** piety under Sif Muna
  2278 | D        | Noticed Eustachio
  2282 | D        | Killed Eustachio
  2283 | D        | Reached skill level 10 in Earth Magic
  2283 | D        | Reached XP level 7. HP: 28/36 MP: 8/22
  2842 | D        | Noticed Ijyb
  2842 | D        | Noticed a fire bat
  2847 | D        | Killed a fire bat
  2847 | D        | Reached ***** piety under Sif Muna
  2848 | D        | Reached skill level 1 in Fighting
  2848 | D        | Reached skill level 1 in Short Blades
  2848 | D        | Reached skill level 5 in Alchemy
  2848 | D        | Killed Ijyb
  2849 | D        | Reached skill level 10 in Spellcasting
  3185 | D        | Noticed Grum
  3188 | D        | Killed Grum
  3192 | D        | Received a gift from Sif Muna
  3193 | D        | Reached XP level 8. HP: 22/45 MP: 2/24
  3202 | D        | Reached skill level 5 in Stealth
  3454 | D        | Noticed a deep troll
  3675 | D        | Killed a deep troll
  3728 | D        | Received a gift from Sif Muna
  3730 | D        | Reached skill level 1 in Armour
  3730 | D        | Reached XP level 9. HP: 14/52 MP: 4/26
  3744 | D        | Got Sif Muna's Compendium of Doomed Topomancy {god gift}
  4166 | D        | Learned a level 6 spell: Bombard
  4172 | D        | Learned a level 5 spell: Borgnjor's Vile Clutch
  4393 | D        | Reached skill level 5 in Short Blades
  4393 | D        | Reached skill level 1 in Necromancy
  4710 | D        | Noticed an ice devil
  4714 | D        | Killed an ice devil
  4940 | D        | Reached skill level 5 in Dodging
  5445 | D        | Noticed a black mamba
  5448 | D        | Noticed an elephant
  5451 | D        | Reached ****** piety under Sif Muna
  5756 | D        | Received a gift from Sif Muna
  5757 | D        | Reached skill level 10 in Conjurations
  5759 | D        | Got Sif Muna's Anthology of White Fever {god gift}
  5761 | D        | Noticed a polar bear
  5797 | D        | Reached skill level 5 in Fighting
  5803 | D        | Reached XP level 10. HP: 23/59 MP: 9/28
  6155 | D        | Noticed a demonic crawler
  6163 | D        | Killed a demonic crawler
  6164 | D        | Reached skill level 5 in Necromancy
  6311 | D        | Received a gift from Sif Muna
  6312 | D        | Got Sif Muna's Codex of the Fluctuating Impact {god gift}
  6418 | D        | Killed a black mamba
  6735 | D        | Reached skill level 10 in Invocations
  6741 | D        | Received a gift from Sif Muna
  6742 | D        | Got Bukhlubb's Directory of Kinetic Energy {god gift}
  6832 | D        | Killed an elephant
  6833 | D        | Reached skill level 5 in Armour
  7218 | D        | Noticed a vampire knight
  7222 | D        | Received a gift from Sif Muna
  7242 | D        | Killed from afar by a vampire knight

Illustrated notes

Levels and vault maps discovered:
D:        pitsprint [storerooms_1, entrance_room_1, metal_vault_6, armoury_2,
          mini_pit_1, grid_room_1, main_hall_1, silver_pit, the_coven_1,
          the_vestibule_1, steel_vault_1, golden_pit, hallway_of_sentries,
          crystal_vault_2, iron_vault_2, final_vault]

Skill      XL: |  1  2  3  4  5  6  7  8  9 10 |
---------------+-------------------------------+-----
Spellcasting   | 5 6 7 8 9 10 11 12 13 | 13.8
Conjurations   | 4 5 6 7 8 9 10 11 | 11.4
Earth Magic    | 6 7 8 9 10 11 12 13 | 13.1
Invocations    | 2 3 5 6 7 8 9 10 | 10.0
Alchemy        | 2 4 5 6 8 9 |  9.8
Fighting       | 2 3 5 |  5.0
Short Blades   | 2 4 5 |  5.0
Dodging        | 3 6 8 |  8.4
Stealth        | 4 6 7 |  7.0
Armour         | 1 3 5 |  5.3
Necromancy     | 4 7 |  7.0

Action                     |  1- 3 |  4- 6 |  7- 9 | 10-12 || total
---------------------------+-------+-------+-------+-------++-------
  Melee: Dagger            |       |     2 |    11 |     1 ||    14
   Cast: Sandblast         |     8 |       |       |       ||     8
         Stone Arrow       |       |    31 |    73 |    45 ||   149
         Borgnjor's Vile C |       |       |     1 |    20 ||    21
         Petrify           |       |       |       |     1 ||     1
         Bombard           |       |       |       |     1 ||     1
 Invoke: Channel Magic     |       |       |     1 |     4 ||     5
    Use: Potion            |     2 |       |    11 |       ||    13
         Scroll            |     1 |       |     1 |       ||     2
   Stab: Distracted        |       |     1 |       |       ||     1
         Invisible         |       |       |     2 |       ||     2
         Petrified         |       |       |       |     1 ||     1
 Armour: Robe              |     4 |     7 |     8 |       ||    19
         Troll leather arm |       |       |    31 |       ||    31
         Steam dragon scal |       |       |    21 |    21 ||    42
  Dodge: Dodged            |    10 |     7 |    75 |    41 ||   133
